 Dungeon Crawl Stone Soup version 0.19.5 (webtiles) character file.

4960 Peloso the Carver (level 10, -2/90 HPs)
             Began as a Minotaur Fighter on Mar 12, 2017.
             Was an Elder of Okawaru.
             Slain by a vampire (6 damage)
             ... on level 9 of the Dungeon.
             The game lasted 00:18:23 (7410 turns).

Peloso the Carver (Minotaur Fighter)                Turns: 7410, Time: 00:18:24

Health: -2/90      AC: 16    Str: 22    XL:     10   Next: 28%
Magic:  9/9        EV:  6    Int:  5    God:    Okawaru [****..]
Gold:   31         SH: 11    Dex: 12    Spells: 0 memorised, 9 levels left

rFire  + . .     SeeInvis .     H - +2 scimitar (flame)
rCold  x . .     Gourm    .     h - +0 plate armour
rNeg   . . .     Faith    .     c - +0 shield
rPois  .         Spirit   .     (helmet restricted)
rElec  .         Reflect  .     (no cloak)
rCorr  .         Harm     .     l - +0 pair of gloves
MR     .....                    (no boots)
Stlth  ..........               (no amulet)
                                x - +1 ring of protection
                                J - ring of fire

@: no status effects
A: retaliatory headbutt, horns 2
a: Heroism, Renounce Religion


You were on level 9 of the Dungeon.
You worshipped Okawaru.
Okawaru was greatly pleased with you.
You were hungry.

You visited 2 branches of the dungeon, and saw 10 of its levels.

You collected 381 gold pieces.
You spent 350 gold pieces at shops.

Inventory:

Hand Weapons
 a - a +0 long sword
 H - a +2 scimitar of flaming (weapon)
Armour
 c - a +0 shield (worn)
 h - a +0 plate armour (worn)
 l - a +0 pair of gloves (worn)
Jewellery
 r - an uncursed ring of flight
 x - a +1 ring of protection (right hand)
 J - a ring of fire (left hand)
Wands
 w - a wand of confusion (27/48)
 F - a wand of lightning (12/15)
 G - a wand of iceblast (9/15)
 I - a wand of digging (9/24)
Scrolls
 e - 3 scrolls of blinking
 g - 4 scrolls of remove curse
 i - 3 scrolls of identify
 j - 3 scrolls of enchant weapon
 k - a scroll of amnesia {unknown}
 m - 5 scrolls of teleportation
 s - a scroll of enchant armour
 u - 5 scrolls of recharging
 y - a scroll of holy word {unknown}
 B - 2 scrolls of immolation {unknown}
 E - 2 scrolls of magic mapping {unknown}
Potions
 b - 2 potions of flight
 d - 2 potions of might
 p - a potion of ambrosia
 q - 5 potions of heal wounds
 v - 4 potions of curing
 z - 2 potions of haste
 A - 2 potions of resistance
Books
 n - a book of Misfortune

   Spells                             Type                      Level
   a - Confusing Touch                Hexes                        1
   b - Confuse                        Hexes                        3
   c - Gell's Gravitas                Hexes/Translocation          3
   d - Petrify                        Transmutation/Earth          4
   e - Metabolic Englaciation         Hexes/Ice                    5
   f - Yara's Violent Unravelling     Hexes/Transmutation          5
Comestibles
 f - 8 bread rations
 o - 4 beef jerkies
 t - 4 meat rations
 C - 6 chunks of flesh
 D - 7 slices of pizza


   Skills:
 + Level 8.5 Fighting
 + Level 11.2 Long Blades
 + Level 9.1 Armour
 + Level 1.8 Dodging
 + Level 1.0 Stealth
 + Level 9.0 Shields
 + Level 1.3 Invocations


You had 9 spell levels left.
You didn't know any spells.

Dungeon Overview and Level Annotations

Branches:
Dungeon (9/15)             Temple (1/1) D:4
   Lair: D:8-11         Orc: D:9-12

Altars:
Ashenzari
Cheibriados
Dithmenos
Elyvilon
Fedhas
Gozag
Hepliaklqana
Kikubaaqudgha
Makhleb
Nemelex Xobeh
Okawaru
Qazlal
Ru
Sif Muna
Uskayaw
Vehumet
Xom
Yredelemnul
Zin
The Shining One

Shops:
D:4 ?   D:5 :


Innate Abilities, Weirdness & Mutations

You reflexively headbutt those who attack you in melee.
You have a pair of horns on your head.


Message History

The vampire draws life force from you and is healed!
You block the wight's attack.
You closely miss the vampire. You headbutt the vampire.
The vampire is almost destroyed.
The vampire is infused with unholy energy.
* * * LOW HITPOINT WARNING * * *
The vampire draws life force from you and is healed!
You block the wight's attack.
You hit the vampire. You burn the vampire. You headbutt the vampire!
The vampire is almost destroyed.
The vampire is infused with unholy energy.
* * * LOW HITPOINT WARNING * * *
The vampire draws life force from you and is healed!
You block the wight's attack.
You hit the vampire. You burn the vampire.
The vampire is almost destroyed.
The vampire hits you.
* * * LOW HITPOINT WARNING * * *
The vampire bites you.
You die...

...............z
#...............
#...............
#...............
#...............
#..........[...>
#......z........
#......V........
#.....@)z.......
#...............
...................
....................
#..#######..########
#.. #..# #. #..# #
#..#


You could see a vampire and 2 wights.

Vanquished Creatures
  Erica (D:8)
  Grinder (D:5)
  A two-headed ogre (D:8)
  A hippogriff (D:8)
  2 yaks (D:7)
  A human (D:7)
  2 hogs (D:7)
  Menkaure (D:5)
  5 orc warriors
  An ice beast (D:8)
  3 phantoms
  A necrophage (D:8)
  2 centaurs
  7 ogres
  2 bullfrogs
  2 scorpions
  3 killer bees (D:9)
  A wight (D:9)
  A howler monkey (D:5)
  A crimson imp (D:7)
  A bullfrog zombie (D:5)
  A quasit (D:7)
  A centaur zombie (D:5)
  A hound (D:5)
  A centaur skeleton (D:4)
  An orc priest (D:6)
  3 orc wizards
  4 bullfrog skeletons
  5 iguanas
  6 worker ants
  Robin (D:2)
  3 adders
  An adder skeleton (D:8)
  An adder zombie (D:5)
  3 worms
  A dart slug (D:3)
  3 leopard geckos
  28 orcs
  2 ball pythons
  4 giant cockroaches
  15 goblins
  6 hobgoblins
  8 jackals
  4 quokkas
  11 bats
  3 frilled lizards
  A jackal skeleton (D:7)
  7 kobolds
  5 rats
170 creatures vanquished.

Notes
Turn   | Place    | Note
-------+----------+-------------------------------------------
     0 | D:1      | Peloso the Minotaur Fighter began the quest for the Orb.
     0 | D:1      | Reached XP level 1. HP: 19/19 MP: 0/0
   299 | D:1      | Reached XP level 2. HP: 21/27 MP: 1/1
   886 | D:2      | Reached XP level 3. HP: 27/33 MP: 2/2
   933 | D:2      | Noticed Robin
   939 | D:2      | Reached skill level 3 in Long Blades
   964 | D:2      | Killed Robin
  1152 | D:2      | Reached XP level 4. HP: 37/40 MP: 3/3
  1231 | D:3      | You fall through a shaft!
  1379 | D:4      | Found a staircase to the Ecumenical Temple.
  1391 | Temple   | Entered the Ecumenical Temple
  1430 | Temple   | Became a worshipper of Warmaster Okawaru
  1470 | D:4      | Noticed an ogre
  1544 | D:4      | Found Innumnez's Magic Scroll Emporium.
  2640 | D:4      | Reached XP level 5. HP: 17/47 MP: 4/4
  2866 | D:4      | Reached skill level 5 in Shields
  3108 | D:4      | Killed an ogre
  3108 | D:4      | Reached skill level 4 in Long Blades
  3108 | D:4      | Reached skill level 5 in Armour
  3108 | D:4      | Reached XP level 6. HP: 53/53 MP: 5/5
  3265 | D:4      | Reached * piety under Okawaru
  3396 | D:4      | Reached skill level 5 in Fighting
  3406 | D:4      | Bought a scroll of blinking for 75 gold pieces
  3406 | D:4      | Bought a scroll of enchant armour for 75 gold pieces
  3468 | D:4      | Reached XP level 7. HP: 57/61 MP: 3/6
  3695 | D:5      | Entered Level 5 of the Dungeon
  3699 | D:5      | Found a stormy altar of Qazlal.
  3762 | D:5      | Noticed Grinder
  3784 | D:5      | Killed Grinder
  3784 | D:5      | Reached ** piety under Okawaru
  3784 | D:5      | Reached skill level 5 in Long Blades
  3784 | D:5      | Reached skill level 1 in Dodging
  3862 | D:5      | Noticed Menkaure
  3871 | D:5      | Killed Menkaure
  4086 | D:5      | Reached skill level 6 in Long Blades
  4187 | D:5      | Reached XP level 8. HP: 70/70 MP: 4/7
  4261 | D:5      | Found a white marble altar of Elyvilon.
  4289 | D:5      | Found Goirch's Book Boutique.
  4488 | D:5      | You fall through a shaft!
  4596 | D:5      | Reached skill level 7 in Long Blades
  4903 | D:5      | Reached *** piety under Okawaru
  4986 | D:4      | Bought a scroll of enchant weapon for 75 gold pieces
  5092 | D:6      | Found a basalt altar of Yredelemnul.
  5211 | D:6      | Reached skill level 8 in Long Blades
  5783 | D:7      | Received a gift from Okawaru
  5800 | D:7      | Reached skill level 9 in Long Blades
  5800 | D:7      | Reached XP level 9. HP: 55/78 MP: 8/8
  5913 | D:7      | Found a hazy altar of Hepliaklqana.
  6022 | D:7      | Reached **** piety under Okawaru
  6227 | D:7      | Received a gift from Okawaru
  6434 | D:4      | Bought a scroll of teleportation for 30 gold pieces
  6434 | D:4      | Bought a scroll of recharging for 95 gold pieces
  6527 | D:8      | Reached skill level 1 in Invocations
  6667 | D:8      | Reached skill level 10 in Long Blades
  6886 | D:8      | Noticed Erica
  6916 | D:8      | Killed Erica
  6916 | D:8      | Reached skill level 1 in Stealth
  6916 | D:8      | Reached XP level 10. HP: 60/88 MP: 9/9
  7187 | D:8      | Reached skill level 11 in Long Blades
  7410 | D:9      | HP: 4/90 [vampire (1)]
  7410 | D:9      | Slain by a vampire

Skill      XL: |  1  2  3  4  5  6  7  8  9 10 |
---------------+-------------------------------+-----
Armour         | 4 5 7 8 9 |  9.1
Fighting       | 4 5 6 8 |  8.5
Long Blades    | 3 4 6 9 10 11 | 11.2
Shields        | 4 5 6 8 9 |  9.0
Dodging        | 1 |  1.8
Invocations    | 1 |  1.3
Stealth        | 1 |  1.0

Action                   |  1- 3 |  4- 6 |  7- 9 | 10-12 || total
-------------------------+-------+-------+-------+-------++-------
Melee: Long sword        |   120 |   160 |   316 |     6 ||   602
       Headbutt          |    13 |    26 |    74 |    18 ||   131
       Scimitar          |       |       |       |    73 ||    73
Invok: Heroism           |       |     1 |     7 |     2 ||    10
  Use: Scroll            |       |     5 |     2 |     2 ||     9
  Eat: Chunk             |     1 |     7 |    12 |     1 ||    21
Armor: Plate armour      |   107 |    79 |   128 |    36 ||   350
       Scale mail        |     1 |       |       |       ||     1
Dodge: Dodged            |    23 |    15 |    44 |    12 ||    94
Block: Shield            |    76 |   102 |   138 |    40 ||   356
       Rpst.: Long sword |     9 |     6 |    11 |       ||    26
       Scimitar          |       |       |       |     4 ||     4
